Map: Cactus Valley LE (Void)

Players

Boris - Winner!

  • Race: Zerg Zerg
  • League: Grandmaster
  • Spawn Location: 11:00

RunaMoK

  • Race: Terran Terran
  • League: Master
  • Spawn Location: 5:00

VOD

Have the link to the VOD?

Description

Time

  • Played on: April 5, 2017, 8:38 a.m.
  • Length: 14:19
Show
View Real Time Build Order
Export as new Build Order

Boris Zerg - Winner!

Build Orders: Hatch First, Muta Ling Bane 

Get SALT Encoding   

  12  0:00  Drone  
  13  0:10  Drone  
  14  0:19  Overlord  
  14  0:24  Extractor, Drone  
  15  0:37  Drone x2  
  17  0:53  Hatchery  
  17  0:55  Drone  
  17  0:59  Drone  
  18  1:05  Extractor  
  17  1:14  Spawning Pool  
  17  1:17  Drone  
  17  1:21  Drone  
  18  1:27  Drone  
  19  1:37  Overlord  
  19  2:00  Queen  
  21  2:01  Zergling x4  
  21  2:04  Queen  
  21  2:05  Drone  
  21  2:06  Metabolic Boost  
  26  2:11  Drone  
  27  2:16  Drone  
  27  2:20  Drone  
  29  2:26  Drone  
  30  2:32  Drone  
  31  2:38  Drone  
  31  2:40  Queen  
  31  2:41  Overlord  
  34  2:47  Spore Crawler  
  34  2:49  Drone  
  35  2:57  Drone  
  36  3:01  Drone  
  36  3:04  Drone  
  38  3:10  Drone  
  38  3:11  Hatchery, Drone  
  39  3:14  Drone  
  39  3:16  Drone  
  41  3:20  Drone  
  41  3:22  Overlord  
  42  3:31  Queen  
  44  3:40  Evolution Chamber x2  
  41  3:44  Drone x2  
  41  3:45  Drone x4  
  41  3:48  Zergling x2  
  47  3:49  Zergling x2  
  47  3:51  Zergling x2  
  47  3:53  Zergling x2  
  47  3:55  Zergling x2  
  51  3:59  Drone  
  51  4:02  Overlord  
  52  4:05  Zerg Ground Armor Level 1  
  52  4:12  Baneling Nest  
  51  4:19  Zerg Melee Weapons Level 1  
  51  4:20  Queen  
  51  4:21  Drone x2  
  51  4:22  Extractor  
  54  4:25  Queen  
  54  4:29  Drone  
  54  4:30  Drone  
  58  4:36  Drone  
  58  4:37  Drone x3  
  58  4:38  Drone  
  63  4:40  Drone  
  63  4:42  Overlord  
  63  4:47  Drone x2  
  63  4:49  Drone  
  66  4:53  Spore Crawler x2  
  66  4:55  Spore Crawler  
  66  4:57  Drone x2  
  65  5:02  Overlord  
  65  5:04  Drone  
  65  5:06  Spore Crawler  
  65  5:08  Lair  
  65  5:13  Drone  
  65  5:14  Queen, Drone  
  67  5:19  Drone x4  
  67  5:20  Drone  
  74  5:22  Drone  
  74  5:27  Drone x2  
  74  5:28  Drone  
  78  5:29  Drone x3  
  78  5:32  Overlord  
  78  5:33  Overlord  
  81  5:36  Extractor x2  
  81  5:37  Drone x2  
  81  5:39  Extractor  
  81  5:41  Extractor  
  79  5:44  Drone  
  79  5:45  Overlord  
  79  5:46  Drone  
  79  5:48  Drone  
  82  5:54  Drone x3  
  82  5:55  Drone x2  
  82  5:56  Drone x2  
  82  5:57  Drone  
  90  6:02  Hatchery  
  89  6:07  Overlord  
  89  6:13  Zerg Ground Armor Level 2  
  89  6:16  Drone x2  
  91  6:19  Hatchery  
  91  6:21  Centrifical Hooks  
  91  6:24  Zerg Melee Weapons Level 2  
  90  6:26  Baneling x2  
  90  6:29  Overseer  
  90  6:30  Zergling x2  
  90  6:31  Zergling x6  
  94  6:33  Zergling x6  
  94  6:37  Drone x4  
  94  6:39  Drone x2  
  103  6:43  Overlord  
  103  6:45  Drone  
  104  6:52  Overlord  
  104  6:57  Drone x2  
  104  6:58  Queen, Drone x2  
  108  7:03  Drone x2  
  108  7:04  Zergling x2  
  108  7:05  Zergling x6  
  108  7:06  Zergling x2  
  108  7:07  Zergling x4  
  117  7:10  Zergling x2  
  117  7:11  Spire  
  117  7:12  Baneling x4  
  117  7:14  Zergling x4  
  119  7:18  Zergling x4  
  119  7:19  Zergling x6  
  124  7:22  Pneumatized Carapace  
  124  7:24  Zergling x2  
  124  7:25  Baneling x4  
  124  7:27  Zergling x4  
  127  7:31  Zergling x4  
  127  7:35  Zergling x4  
  127  7:36  Zergling x6, Extractor  
  133  7:41  Zergling x4  
  133  7:42  Overlord  
  135  7:47  Overlord  
  135  7:57  Zergling x6  
  138  8:00  Baneling  
  138  8:01  Baneling x2  
  138  8:04  Zergling x2  
  138  8:05  Zergling x22  
  146  8:13  Zergling x8  
  143  8:27  Mutalisk x3  
  143  8:34  Overlord x3  
  149  8:39  Infestation Pit  
  148  8:42  Hatchery  
  148  8:43  Overlord x3  
  145  8:53  Mutalisk  
  145  8:54  Mutalisk x14  
  170  8:57  Zergling x2  
  170  8:58  Zergling x2  
  170  9:00  Zergling x6  
  172  9:03  Zergling x2  
  172  9:04  Zergling x6  
  172  9:09  Zergling x2  
  174  9:11  Zergling x4  
  174  9:12  Zergling x6  
  174  9:14  Baneling x2  
  174  9:15  Baneling  
  173  9:17  Zergling x6  
  173  9:21  Mutalisk x3  
  173  9:22  Mutalisk  
  173  9:24  Zergling x2  
  177  9:31  Mutalisk  
  177  9:32  Mutalisk  
  177  9:33  Queen, Zergling x4  
  177  9:35  Baneling x2  
  185  9:39  Zergling x4  
  185  9:40  Zergling x2  
  185  9:41  Zergling x6  
  185  9:45  Extractor  
  190  9:46  Zergling x4  
  190  9:47  Zergling x2  
  190  9:48  Baneling  
  190  9:49  Baneling x4  
  192  9:56  Zerg Flyer Weapons Level 1  
  192  9:59  Drone x4  
  190  10:03  Overlord x2  
  190  10:06  Hive  
  185  10:13  Drone x3  
  183  10:15  Overseer  
  179  10:23  Drone  
  179  10:24  Drone x12  
  178  10:32  Zergling x2  
  178  10:33  Zergling x16  
  176  10:39  Zergling x8  
  180  10:45  Zergling x4  
  182  10:52  Hatchery  
  182  10:54  Zergling x2  
  182  10:55  Baneling  
  182  10:56  Baneling x20  
  182  10:57  Baneling x6  
  180  10:59  Zergling x6  
  180  11:00  Baneling x3  
  180  11:01  Zergling x6  
  185  11:08  Drone x3  
  184  11:29  Zergling x14, Ultralisk Cavern  
  185  11:35  Zergling x2  
  185  11:37  Hatchery, Zergling x2  
  185  11:38  Zergling x18  
  161  12:03  Zergling x2  
  161  12:05  Zergling x2  
  161  12:06  Zergling x2  
  147  12:08  Zergling x2  
  147  12:09  Zergling x22  
  151  12:18  Chitinous Plating  
  151  12:20  Ultralisk x2  
  153  12:35  Ultralisk  
  153  12:36  Ultralisk  
  165  12:40  Ultralisk  
  176  12:51  Ultralisk  
  176  13:00  Ultralisk  
  176  13:05  Ultralisk  
  175  13:08  Drone  
  175  13:09  Drone  
  175  13:10  Mutalisk x3  
  183  13:23  Ultralisk x2  
  190  13:32  Baneling x13  
  190  13:40  Zergling x2  
  190  13:41  Zergling x24  
  197  13:43  Baneling x2  
  197  13:44  Baneling  
  169  14:02  Drone x2  
Show
View Real Time Build Order
Export as new Build Order

RunaMoK Terran 

Build Orders: Reaper Expand, Bio Mine, Hellion Banshee 

Get SALT Encoding   

  12  0:01  SCV  
  13  0:14  SCV  
  14  0:19  Supply Depot  
  14  0:26  SCV  
  14  0:28  Refinery  
  15  0:44  SCV  
  15  0:46  Barracks  
  16  0:56  SCV  
  17  1:08  SCV  
  18  1:20  SCV  
  19  1:35  Orbital Command, Reaper  
  20  1:44  Command Center  
  20  1:55  Factory  
  20  2:01  SCV  
  21  2:06  Refinery  
  21  2:09  Barracks Reactor  
  21  2:13  SCV  
  22  2:18  Supply Depot  
  22  2:25  SCV  
  23  2:39  SCV  
  24  2:46  Starport  
  24  2:57  Hellion x2, Orbital Command  
  28  2:59  SCV  
  28  3:01  Barracks Tech Lab  
  29  3:11  SCV  
  30  3:18  Hellion  
  34  3:20  Hellion  
  34  3:23  SCV x2  
  36  3:35  SCV x2  
  38  3:41  Supply Depot  
  38  3:46  Hellion x2  
  38  3:47  Cloaking Field, Banshee  
  45  3:50  Barracks Tech Lab  
  45  3:53  SCV  
  46  4:03  SCV  
  46  4:05  SCV  
  46  4:07  Supply Depot  
  47  4:12  Stimpack  
  47  4:15  SCV  
  48  4:17  SCV  
  49  4:27  SCV  
  49  4:30  Banshee  
  53  4:32  SCV  
  54  4:39  Command Center  
  54  4:41  SCV, Supply Depot  
  54  4:44  SCV  
  56  4:55  SCV, Engineering Bay  
  56  4:56  SCV, Engineering Bay  
  58  5:01  Factory Reactor, Barracks  
  58  5:04  Barracks  
  58  5:07  SCV  
  58  5:11  SCV  
  58  5:13  Viking  
  62  5:15  Supply Depot  
  62  5:19  SCV  
  63  5:22  Terran Infantry Weapons Level 1, Terran Infantry Armor Level 1  
  63  5:24  SCV  
  63  5:27  Refinery  
  63  5:28  Refinery  
  64  5:38  Marine  
  64  5:42  Factory Reactor  
  65  5:44  SCV  
  65  5:45  SCV  
  67  5:56  Orbital Command  
  67  5:59  SCV  
  67  6:01  Marine x2  
  67  6:02  Marine  
  71  6:06  Starport Reactor, SCV, Barracks  
  72  6:11  SCV  
  72  6:12  Barracks  
  72  6:15  Marine x2  
  75  6:19  Marine, Supply Depot  
  75  6:23  Orbital Command  
  75  6:24  Armory  
  76  6:27  Supply Depot  
  76  6:32  Marine x2, SCV x2  
  79  6:33  Marine, Combat Shields  
  79  6:34  Widow Mine x2  
  85  6:44  SCV x2  
  87  6:54  SCV  
  87  6:55  Marine x3  
  87  6:56  SCV x2, Barracks Reactor  
  87  6:57  Medivac x2  
  97  7:04  Barracks Reactor, Widow Mine x2  
  97  7:06  SCV  
  102  7:08  SCV  
  103  7:15  SCV  
  103  7:16  Bunker, Supply Depot x3  
  103  7:17  Marine x4  
  103  7:18  Marine, Terran Infantry Weapons Level 2  
  103  7:21  Terran Infantry Armor Level 2  
  109  7:33  Supply Depot  
  109  7:34  Supply Depot  
  109  7:37  SCV x3  
  109  7:41  Marine x2  
  109  7:42  Marine x4, Widow Mine x2  
  109  7:43  Medivac x2  
  126  7:46  Refinery  
  126  7:55  Factory  
  126  7:58  SCV  
  127  8:02  Barracks x2  
  127  8:03  Supply Depot x2  
  115  8:23  Marine x4  
  115  8:24  Marine x5, Widow Mine x2  
  115  8:25  Medivac x2  
  126  8:40  Command Center, Missile Turret  
  126  8:41  Marine x2, Orbital Command, Widow Mine  
  130  8:51  Barracks Tech Lab  
  130  8:53  Widow Mine  
  129  8:57  Marine x3, Marauder  
  129  8:59  Barracks Tech Lab  
  128  9:23  Marine x2  
  128  9:24  Marine x2, Refinery x2  
  125  9:25  Marine  
  125  9:26  Supply Depot, Marauder  
  125  9:27  Supply Depot  
  125  9:28  Supply Depot  
  120  9:34  Marine x2, Marauder  
  120  9:36  Marine  
  120  9:37  Marine, Drilling Claws  
  120  9:38  Widow Mine  
  122  9:40  Marine  
  122  9:43  Missile Turret  
  125  9:47  Widow Mine  
  125  9:48  Thor  
  133  9:53  Marine  
  133  9:54  Marine x2, Marauder  
  133  9:55  Terran Infantry Armor Level 3, Terran Infantry Weapons Level 3  
  133  9:57  Marauder  
  135  10:00  Marine x3  
  135  10:05  Marine x2  
  135  10:06  Marauder  
  142  10:11  Marine x3  
  145  10:15  Orbital Command  
  127  10:30  Marine  
  127  10:31  Marauder  
  125  11:03  Supply Depot  
  125  11:04  Supply Depot x2  
  125  11:11  Missile Turret  
  125  11:13  Missile Turret  
  125  11:14  Planetary Fortress  
  125  11:15  Thor, Widow Mine x2  
  125  11:17  SCV x2  
  132  11:18  SCV  
  128  11:29  SCV  
  128  11:30  SCV  
  128  11:31  SCV  
  125  11:33  Supply Depot, Missile Turret  
  125  11:35  Supply Depot  
  125  11:39  Marine x6  
  130  11:41  SCV, Medivac  
  130  11:42  SCV  
  130  11:43  Widow Mine  
  130  11:44  Terran Vehicle And Ship Armor Level 1  
  136  11:51  Marine, Marauder  
  136  11:52  Marine x2  
  109  12:03  Marine x2, Marauder  
  97  12:10  Marine, Marauder  
  97  12:13  Marauder  
  89  12:18  Marine  
  89  12:19  Marine x3  
  92  12:24  SCV  
  92  12:25  Marauder  
  95  12:33  Marine  
  95  12:34  Marine, Thor, Widow Mine, Marauder  
  107  12:43  Marine, Supply Depot, Marauder  
  110  12:47  Widow Mine  
  104  12:51  Orbital Command  
  104  12:52  Marine  
  104  12:53  Marauder  
  107  12:59  Marine, Marauder  
  108  13:09  Marine x4, Marauder  
  114  13:14  Marauder  
  115  13:22  SCV  
  115  13:23  SCV x2  
  118  13:31  Marine  
  118  13:32  Marine x5, Marauder  
  119  13:36  Medivac  
  119  13:38  SCV  
  119  13:39  SCV  
  123  13:43  Marine x2  
  123  13:44  Marauder  
  123  13:47  Unknown x2  
  123  13:53  Marine x2  
  123  13:54  Marine x4, Marauder  
Tags
 
Add a new tag
Caveats
  • Supply blocks, unpowered buildings, or Contaminate may cause inaccurate times.
  • Supply counts are checked every 10 seconds.